 Dungeon Crawl Stone Soup version 0.30-a0-782-ge64f9170bb (webtiles) character file.

Game seed: 13408091418166391139

597 Barriton the Conjurer (level 7, 0/52 HPs)
             Began as a Pale Draconian Conjurer on Feb 21, 2023.
             Was an Initiate of Sif Muna.
             Succumbed to an adder's poison
             ... on level 5 of the Dungeon.
             The game lasted 00:08:06 (3970 turns).

Barriton the Conjurer (Pale Draconian Conjurer)     Turns: 3970, Time: 00:08:07

Health: 0/52       AC:  7    Str: 10    XL:     7   Next: 17%
Magic:  10/14      EV: 12    Int: 20    God:    Sif Muna [......]
Gold:   232        SH:  0    Dex:  9    Spells: 10/15 levels left

rFire   . . .      SeeInvis .    d - +1 spear (elec)
rCold   . . .      Faith    .    (no shield)
rNeg    . . .      Spirit   .    (body armour unavailable)
rPois   .          Reflect  .    (helmet restricted)
rElec   .          Harm     .    (no cloak)
rCorr   .          Rampage  .    (no gloves)
Will    .....                    f - +0 pair of boots
Stlth   ++                       (no amulet)
HPRegen 0.28/turn                (no ring)
MPRegen 0.14/turn                (no ring)

@: lethally poisoned (0 -> -3), short of breath, studying Stealth
A: breathe steam, AC +6, unfitting armour, cold-blooded, steam resistance
a: Breathe Steam, Renounce Religion


You were on level 5 of the Dungeon.
You worshipped Sif Muna.
Sif Muna was noncommittal.
You visited 2 branches of the dungeon, and saw 6 of its levels.

You collected 232 gold pieces.

Inventory:

Hand Weapons
 d - a +1 spear of electrocution (weapon)
 i - a +0 halberd
Armour
 f - a +0 pair of boots (worn)
Scrolls
 c - a scroll of brand weapon
 g - 3 scrolls of teleportation
 k - a scroll of identify
 n - a scroll of fear {unknown}
Potions
 a - a potion of magic
 b - a potion of attraction
 e - a potion of brilliance
 h - a potion of berserk rage
 j - a potion of cancellation
 l - a potion of flight
 m - a potion of heal wounds


   Skills:
 + Level 1.0 Fighting
 + Level 1.2 Polearms
 + Level 2.2 Dodging
 + Level 3.0 Stealth
 + Level 0.6 Unarmed Combat
 + Level 4.7 Spellcasting
 + Level 6.4 Conjurations


You had 10 spell levels left.
You knew the following spells:

 Your Spells              Type           Power      Damage    Failure   Level
a - Magic Dart            Conj           100%       1d8       1%          1
b - Searing Ray           Conj           60%        2d6       1%          2
c - Blink                 Tloc           8%         N/A       19%         2

Your spell library contained the following spells:

 Spells                   Type           Power      Damage    Failure   Level
 Dazzling Flash           Conj/Hex       34%        N/A       10%         3
 Summon Small Mammal      Summ           16%        N/A       12%         1
 Mephitic Cloud           Conj/Pois/Air  13%        N/A       16%         3
 Call Imp                 Summ           4%         N/A       19%         2
 Lesser Beckoning         Tloc           8%         N/A       19%         2
 Fulminant Prism          Conj/Hex       8%         3d7       32%         4
 Iskenderun's Mystic Bla  Conj/Tloc      17%        2d5       32%         4
 Call Canine Familiar     Summ           4%         N/A       34%         3
 Gell's Gravitas          Tloc           4%         N/A       34%         3
 Summon Guardian Golem    Hex/Summ       4%         N/A       34%         3
 Teleport Other           Tloc           4%         N/A       34%         3
 Manifold Assault         Tloc           4%         N/A       75%         4
 Storm Form               Tmut/Air       2%         N/A       100%        7


Dungeon Overview and Level Annotations

Branches:
Dungeon (5/15)             Temple (1/1) D:4

Altars:
Ashenzari
Cheibriados
Dithmenos
Elyvilon
Fedhas
Gozag
Hepliaklqana
Kikubaaqudgha
Makhleb
Nemelex Xobeh
Okawaru
Qazlal
Ru
Sif Muna
Trog
Yredelemnul
Zin
The Shining One

Shops:
D:1 ?


Innate Abilities, Weirdness & Mutations

You can breathe blasts of scalding, opaque steam.
Your pale cyan-grey scales are hard. (AC +6)
You cannot fit into any form of body armour.
You are cold-blooded and may be slowed by cold attacks.
You are immune to the effects of steam.


Message History

Aiming: Breathe Steam (1% risk of failure)
Press: ? - help, Shift-Dir - straight line, f - gnoll
Aim: a gnoll, wielding a +0 club (75% to hit)
You exhale a blast of scalding steam.
The ball of steam misses the adder.
The ball of steam hits the gnoll!
The gnoll is severely wounded.
The adder is engulfed in a cloud of scalding steam.
The adder bites you.
* * * LOW HITPOINT WARNING * * *
You are poisoned.
The adder poisons you!
The adder is engulfed in a cloud of scalding steam.
The adder bites you.
* * * LOW HITPOINT WARNING * * *
You are lethally poisoned!
The adder poisons you!
The gnoll is engulfed in a cloud of scalding steam.
You kill the gnoll!
Sif Muna accepts your kill.
You hit the adder.
You kill the adder!
Sif Muna accepts your kill.
* * * LOW HITPOINT WARNING * * *
You feel very sick.
Okay, then.
As you read the scroll of identify, it crumbles to dust.
e - a potion of brilliance
* * * LOW HITPOINT WARNING * * *
You feel sick.
As you read the scroll of identify, it crumbles to dust.
j - a potion of cancellation
* * * LOW HITPOINT WARNING * * *
You feel sick.
As you read the scroll of identify, it crumbles to dust.
l - a potion of flight
* * * LOW HITPOINT WARNING * * *
You feel sick.
As you read the scroll of identify, it crumbles to dust.
m - a potion of heal wounds You die...

#.....#.# ......# ...
#....# #.# #...# #.# #...#
#.# #..## ##### #.##
##.... ......###### #..#
##..##.
.....ยง))@..###..###..####
.....)###.......##..##
..... ######......# ....
#...##.## .g. #...###..#
#. #..## ##..# S #..# ....
...# .###. ...# .# .


There were no monsters in sight!

Vanquished Creatures
  Menkaure (D:4)
  Edmund (D:4)
  A centaur (D:5)
  A hound (D:5)
  A gnoll bouda (D:4)
  An iguana (D:4)
  3 adders
  10 gnolls
  A worm (D:4)
  2 dart slugs
  4 orcs
  2 ball pythons
  3 endoplasms
  7 goblins
  8 hobgoblins
  7 kobolds
  6 bats
  3 frilled lizards
  7 rats
69 creatures vanquished.

Notes
Turn   | Place    | Note
-------+----------+-------------------------------------------
     0 | D:1      | Barriton the Draconian Conjurer began the quest for the
                  | Orb.
     0 | D:1      | Reached XP level 1. HP: 14/14 MP: 3/3
   120 | D:1      | Reached XP level 2. HP: 12/20 MP: 1/5
   557 | D:1      | Found Haischeq's Magic Scroll Emporium.
   918 | D:2      | Reached XP level 3. HP: 26/26 MP: 2/6
  1058 | D:2      | Found a faded altar of an unknown god.
  1297 | D:2      | Found an opulent altar of Gozag.
  1524 | D:2      | Learned a level 2 spell: Searing Ray
  1956 | D:3      | Reached skill level 5 in Conjurations
  1956 | D:3      | Reached XP level 4. HP: 33/33 MP: 2/8
  2058 | D:3      | Learned a level 2 spell: Blink
  2119 | D:3      | Found a stormy altar of Qazlal.
  2477 | D:3      | Found a bloodstained altar of Trog.
  2708 | D:4      | Noticed Menkaure
  2715 | D:4      | Killed Menkaure
  2716 | D:4      | Reached XP level 5. HP: 23/39 MP: 3/10
  2800 | D:4      | Reached skill level 1 in Polearms
  3064 | D:4      | Found a staircase to the Ecumenical Temple.
  3094 | Temple   | Entered the Ecumenical Temple
  3176 | Temple   | Became a worshipper of Sif Muna the Loreminder
  3225 | D:4      | Reached XP level 6. HP: 35/46 MP: 0/11
  3339 | D:4      | Noticed Edmund
  3363 | D:4      | Killed Edmund
  3364 | D:4      | Reached skill level 1 in Fighting
  3364 | D:4      | Reached skill level 6 in Conjurations
  3826 | D:5      | Entered Level 5 of the Dungeon
  3965 | D:5      | Your scales start taking on a pale cyan-grey colour.
  3965 | D:5      | Reached XP level 7. HP: 9/52 MP: 9/14
  3965 | D:5      | Gained mutation: You are immune to the effects of steam.
                  | [Pale Draconian growth]
  3969 | D:5      | HP: 1/52 [poisoned by an adder]
  3970 | D:5      | Succumbed to an adder's poison

Illustrated notes

Levels and vault maps discovered:
D:1:      amcnicky_arrival_flooded_fountain, layout_rooms, serial_shops, shop,
          dk_noncrumbling_2
D:2:      layout_basic, nicolae_ecumenical_oubliette, basic_altar
D:3:      layout_loops_ring, nicolae_qazlal_scattered_showers,
          mainiacjoe_overflow_concentric_impassable, eino_curves_01
D:4:      layout_gridville, temple_green, minmay_misc_feat_room, uniq_menkaure,
          uniq_edmund
D:5:      layout_layer_cave
Temple:   compressed_dpeg_triangle_lava_temple

Skill      XL: |  1  2  3  4  5  6 |
---------------+-------------------+-----
Stealth        | 2 3 |  3.0
Dodging        | 2 |  2.2
Conjurations   | 5 6 |  6.4
Spellcasting   | 3 4 |  4.7
Polearms       | 1 |  1.2
Fighting       | 1 |  1.0
Unarmed Combat | |  0.6

Action                     |  1- 3 |  4- 6 |  7- 9 || total
---------------------------+-------+-------+-------++-------
  Melee: Unarmed           |    17 |       |       ||    17
         Tailslap          |     4 |       |       ||     4
         Spear             |    21 |    16 |     1 ||    38
   Cast: Magic Dart        |    72 |    45 |       ||   117
         Searing Ray       |     1 |     9 |       ||    10
Ability: Breathe Steam     |       |       |     1 ||     1
    Use: Scroll            |     5 |     2 |     4 ||    11
         Potion            |       |     2 |       ||     2
 Armour: Skin              |     8 |     9 |       ||    17
  Dodge: Dodged            |    20 |    18 |       ||    38

Table legend: (Time is in decaauts)
 A = Elapsed time spent in this place.
 B = Non-inter-level travel time spent in this place.
 C = Inter-level travel time spent in this place.
 D = Time resting spent in this place.
 E = Time spent auto-exploring this place.
 F = Levels seen in this place.
 G = Mean time per level.
                   A        B        C        D        E       F      G
               +--------+--------+--------+--------+--------+-----+--------+
         Total |   3981 |   3760 |    221 |      0 |   3218 |   6 |  663.5 |
       Dungeon |   3885 |   3745 |    140 |      0 |   3218 |   5 |  777.0 |
        Temple |     95 |     14 |     81 |      0 |      0 |   1 |   95.0 |
               +--------+--------+--------+--------+--------+-----+--------+

Top non-repeatable levels by time:
     D:4: 1114 daAuts
     D:2: 1005 daAuts
     D:1: 890 daAuts
     D:3: 731 daAuts
     D:5: 143 daAuts
  Temple: 95 daAuts
